Map: Sueño eterno EE

Players

MrFercho - Winner!

  • Race: Zerg Zerg
  • League: Gold
  • Spawn Location: 7:00

Profar

  • Race: Zerg Zerg
  • League: Gold
  • Spawn Location: 1:00

VOD

Have the link to the VOD?

Description

Time

  • Played on: Aug. 16, 2020, 11:51 p.m.
  • Length: 13:43
Show
View Real Time Build Order
Export as new Build Order

MrFercho Zerg - Winner!

Build Orders: Hatch First 

Get SALT Encoding   

  12  0:00  Drone  
  13  0:13  Overlord  
  13  0:18  Drone  
  14  0:31  Drone x2  
  16  0:49  Hatchery  
  15  0:52  Drone  
  15  0:55  Drone  
  17  0:59  Drone  
  18  1:10  Extractor  
  17  1:16  Spawning Pool  
  17  1:17  Drone  
  17  1:22  Drone  
  18  1:30  Drone  
  19  1:43  Drone  
  20  2:20  Drone x5  
  20  2:22  Queen, Drone  
  28  2:32  Overlord  
  28  2:49  Queen, Metabolic Boost  
  30  3:04  Zergling x4  
  32  3:16  Lair  
  32  3:28  Queen  
  34  3:40  Evolution Chamber  
  33  3:45  Roach Warren  
  32  3:54  Overlord x2  
  32  4:04  Overlord  
  32  4:08  Pneumatized Carapace  
  32  4:12  Zerg Missile Weapons Level 1  
  32  4:15  Drone x5  
  32  4:16  Drone x4  
  41  4:31  Overlord x2  
  41  4:35  Drone x2  
  43  4:39  Extractor  
  43  4:44  Extractor  
  41  4:46  Overlord  
  41  4:52  Glial Reconstitution  
  41  4:58  Zergling x2  
  41  4:59  Zergling x8  
  46  5:07  Overseer  
  46  5:14  Hatchery  
  45  5:16  Hatchery  
  45  5:18  Drone x2  
  44  6:02  Roach x4  
  44  6:03  Roach x2  
  51  6:18  Drone  
  51  6:19  Drone x3  
  51  6:20  Drone x2  
  57  6:34  Overlord x2  
  57  6:53  Hatchery  
  56  6:55  Overlord  
  56  6:56  Zerg Missile Weapons Level 2  
  56  7:05  Zergling x6  
  56  7:06  Zergling x14  
  66  7:13  Roach x7  
  68  7:32  Roach  
  68  7:33  Roach x7  
  68  7:34  Overlord  
  84  7:59  Drone x11  
  95  8:08  Queen  
  97  8:15  Drone x3  
  97  8:16  Evolution Chamber, Drone  
  100  8:30  Hydralisk Den  
  100  8:32  Extractor  
  97  8:51  Extractor  
  97  8:52  Queen  
  97  8:54  Extractor  
  89  9:09  Grooved Spines  
  89  9:14  Lurker Den  
  88  9:19  Infestation Pit  
  88  9:20  Zerg Ground Armor Level 1  
  87  9:26  Drone  
  87  9:27  Drone x2  
  87  9:28  Drone x3  
  93  9:33  Burrow  
  92  9:39  Hydralisk  
  92  9:40  Hydralisk x6  
  92  9:42  Zergling x30  
  92  9:43  Zergling x4  
  112  9:46  Overlord x3  
  94  9:55  Spine Crawler x2  
  94  9:56  Spine Crawler  
  94  9:59  Zergling x16  
  71  10:20  Muscular Augments  
  67  10:28  Hydralisk x7  
  60  10:29  Hydralisk x4  
  75  10:35  Hydralisk  
  69  10:44  Zergling x2  
  69  10:45  Zergling x14  
  75  10:51  Overseer  
  75  10:54  Hydralisk x2  
  75  10:55  Hydralisk  
  81  11:01  Lurker  
  82  11:10  Lurker  
  83  11:15  Hydralisk  
  71  11:36  Overseer  
  71  11:38  Hydralisk x4  
  59  11:40  Zergling x18  
  59  11:41  Zergling x10  
  73  11:50  Hydralisk x2  
  75  12:05  Hydralisk x3  
  75  12:06  Hydralisk  
  79  12:22  Hydralisk  
  75  12:23  Hydralisk x3  
  75  12:25  Zergling x16  
  88  13:16  Hydralisk x11  
Show
View Real Time Build Order
Export as new Build Order

Profar Zerg 

Build Orders: Hatch First, Lurkers 

Get SALT Encoding   

  12  0:08  Overlord  
  12  0:13  Drone  
  13  0:18  Drone  
  14  0:27  Drone  
  15  0:33  Drone  
  16  0:41  Drone  
  17  0:54  Hatchery  
  17  0:56  Drone  
  17  1:04  Drone  
  18  1:14  Spawning Pool  
  18  1:17  Drone  
  18  1:20  Extractor  
  17  1:27  Drone  
  18  1:36  Overlord  
  18  1:47  Drone  
  19  1:58  Drone  
  19  2:00  Queen  
  22  2:09  Queen  
  22  2:10  Roach Warren, Drone  
  22  2:12  Drone  
  25  2:20  Zergling x2  
  25  2:21  Zergling x2  
  27  2:33  Drone  
  27  2:34  Drone  
  29  2:48  Queen  
  29  2:49  Queen  
  33  2:51  Overlord  
  33  3:05  Overlord  
  33  3:07  Drone x3  
  33  3:12  Drone x2  
  38  3:13  Drone  
  39  3:34  Lair  
  39  3:39  Roach  
  39  3:40  Zergling x2, Roach  
  44  3:42  Overlord  
  44  3:43  Overlord  
  44  3:58  Overlord  
  44  4:10  Drone x2  
  44  4:11  Drone x6  
  44  4:12  Extractor  
  44  4:13  Overlord  
  51  4:20  Metabolic Boost  
  51  4:44  Hydralisk Den  
  50  4:48  Extractor  
  50  4:49  Drone x2  
  50  4:50  Extractor, Overlord, Drone x3  
  50  4:51  Roach  
  55  4:57  Drone x2  
  55  4:58  Drone x4  
  61  5:17  Muscular Augments  
  61  5:22  Glial Reconstitution  
  59  5:43  Roach x3  
  63  5:57  Roach x2  
  63  5:58  Zergling x2, Roach x2  
  67  6:09  Drone x4  
  71  6:28  Grooved Spines  
  71  6:35  Roach x2  
  71  6:36  Overlord x3  
  75  6:42  Hatchery  
  74  6:50  Pneumatized Carapace  
  74  7:00  Extractor  
  73  7:14  Roach x2, Hydralisk x3  
  73  7:15  Hydralisk  
  82  7:16  Zergling x4  
  86  7:50  Lurker Den  
  85  7:52  Overlord, Drone x4  
  85  7:53  Overlord, Hydralisk  
  85  7:56  Drone  
  92  8:07  Queen  
  92  8:08  Drone  
  95  8:18  Drone  
  88  8:45  Zergling x4  
  88  8:46  Zergling x2, Hydralisk x4  
  88  8:47  Zergling x2, Roach x2  
  88  8:48  Zergling x2, Hatchery  
  100  9:14  Hatchery  
  99  9:24  Queen x2  
  103  9:37  Hydralisk x5  
  103  9:38  Zergling x4, Hydralisk  
  106  9:51  Zergling x2, Hydralisk x4  
  106  9:52  Roach  
  109  10:00  Queen  
  109  10:05  Lurker x2  
  109  10:06  Lurker x2  
  115  10:11  Queen, Drone x2  
  105  10:30  Roach, Hydralisk x3  
  105  10:31  Zergling x6, Roach, Hydralisk  
  105  10:32  Zergling x2  
  109  10:52  Drone x3  
  112  10:59  Drone  
  112  11:00  Drone x6  
  112  11:01  Overlord, Roach, Hydralisk x2  
  125  11:13  Zergling x6  
  125  11:14  Overlord  
  125  11:15  Overlord x2  
  121  11:36  Hydralisk x4  
  121  11:37  Zergling x4  
  121  11:38  Zergling x4, Roach x3  
  106  12:00  Overseer x2  
  98  12:03  Drone x2  
  80  12:34  Extractor  
  79  12:40  Spire  
  78  12:47  Drone x2, Infestation Pit  
  78  12:48  Overlord, Drone x8  
  78  12:49  Overlord  
  87  12:52  Zergling x4, Roach x4  
  86  13:18  Roach, Hydralisk  
  86  13:19  Zergling x4, Roach x3  
  76  13:20  Zergling x6, Roach  
  76  13:21  Roach  
Tags
 
Composition
Lurkers
League
GoldGold
Matchup
ZvZ
Race
Zerg
Replay Pack
MrFercho
Spawn Locations
Cross Positions
Add a new tag
Caveats
  • Supply blocks, unpowered buildings, or Contaminate may cause inaccurate times.
  • Supply counts are checked every 10 seconds.